 Dungeon Crawl Stone Soup version 0.30.1-11-g7821555f0a (webtiles) character file.

Game seed: 17915301092564665193

225 Janerl the Cudgeller (level 6, -9/79 HPs)
             Began as a Gnoll Cinder Acolyte on Oct 27, 2023.
             Was a High Priest of Ignis.
             Killed from afar by Dowan (26 damage)
             ... with a shard of ice
             ... on level 4 of the Dungeon.
             The game lasted 00:11:34 (3121 turns).

Janerl the Cudgeller (Gnoll Cinder Acolyte)         Turns: 3121, Time: 00:11:36

Health: -9/79      AC:  7    Str: 14    XL:     6   Next: 1%
Magic:  11/11      EV: 12    Int: 13    God:    Ignis [*****.]
Gold:   111        SH:  0    Dex:  9    Spells: 11/11 levels left

rFire   + . .        a - -1 mace (flame)
rCold   . . .        (no shield)
rNeg    . . .        b - +0 robe
rPois   .            h - +0 helmet
rElec   .            m - +2 cloak
rCorr   .            (no gloves)
SInv    .            o - +0 pair of boots
Will    +....        (no amulet) Stlth
                     i - ring of willpower
HPRegen 0.33/turn    (no ring)
MPRegen 0.12/turn

%: no passive effects
@: brilliant, berserking, very quick
A: fangs 1, strong nose, distributed training
a: Renounce Religion, Fiery Armour, Foxfire Swarm, Rising Flame


You were on level 4 of the Dungeon.
You worshipped Ignis.
Ignis was extremely pleased with you.
You visited 1 branch of the dungeon, and saw 4 of its levels.

You collected 111 gold pieces.

Inventory:

Hand Weapons
 a - a -1 mace of flaming (weapon)
 p - a +0 dagger
Missiles
 r - 4 datura-tipped darts (quivered)
Armour
 b - a +0 robe (worn)
 h - a +0 helmet (worn)
 m - a +2 cloak (worn)
 o - a +0 pair of boots (worn)
Jewellery
 i - a ring of willpower (left hand)
 n - a ring of protection from cold
Scrolls
 c - a scroll of amnesia {unknown}
 d - 5 scrolls of teleportation {unknown}
 g - 2 scrolls of identify {unknown}
 k - a scroll of brand weapon {unknown}
 q - a scroll of fear {unknown}
 s - a scroll of enchant weapon {unknown}
 t - a scroll of fog {unknown}
 u - a scroll of noise {unknown}
Potions
 e - a potion of lignification
 f - a potion of brilliance
 j - a potion of invisibility {unknown}
 l - a potion of resistance {unknown}
 v - a potion of berserk rage


   Skills:
 + Level 6.8 Fighting
 + Level 1.8 Short Blades
 + Level 1.8 Long Blades
 + Level 1.8 Axes
 + Level 6.8 Maces & Flails
 + Level 1.8 Polearms
 + Level 1.8 Staves
 + Level 1.8 Ranged Weapons
 + Level 1.8 Throwing
 + Level 1.8 Armour
 + Level 1.8 Dodging
 + Level 1.8 Stealth
 + Level 1.8 Shields
 + Level 1.8 Unarmed Combat
 + Level 3.3 Spellcasting
 + Level 1.4 Conjurations
 + Level 1.4 Hexes
 + Level 1.4 Summonings
 + Level 1.4 Necromancy
 + Level 1.4 Translocations
 + Level 1.4 Transmutations
 + Level 5.6 Fire Magic
 + Level 1.4 Ice Magic
 + Level 1.4 Air Magic
 + Level 1.4 Earth Magic
 + Level 1.4 Poison Magic
 + Level 2.0 Invocations
 + Level 1.8 Evocations


You had 11 spell levels left.
You didn't know any spells.
Your spell library contained the following spells:

 Spells                   Type           Power      Damage    Failure   Level
 Scorch                   Fire           50%        2d7       3%          2
 Poisonous Vapours        Pois/Air       16%        N/A       19%         2
 Call Canine Familiar     Summ           8%         N/A       36%         3
 Mephitic Cloud           Conj/Pois/Air  8%         N/A       36%         3
 Portal Projectile        Hex/Tloc       16%        N/A       36%         3
 Leda's Liquefaction      Hex/Erth       4%         N/A       77%         4
 Freezing Cloud           Conj/Ice/Air   4%         6-21      98%         5


Dungeon Overview and Level Annotations

Branches:
Dungeon (4/15)
 Temple: D:4-7

Altars:

Annotations:
D:2 1 runed translucent door, Crazy Yiuf
D:4 Dowan


Innate Abilities, Weirdness & Mutations

You have very sharp teeth.
Your uncanny sense of smell can sniff out nearby items.
Your experience applies equally to all skills.


Message History

Duvessa is heavily wounded.
Duvessa says, "Where magic fails, the sword succeeds!"
Duvessa misses you.
You hit Duvessa. You burn Duvessa.
Duvessa is severely wounded.
Duvessa says, "My weaknesses are his strengths!"
Duvessa hits you with a +0 short sword. Duvessa closely misses you.
You barely miss Duvessa. Your bite misses Duvessa.
Duvessa is severely wounded.
Duvessa hits you with a +0 short sword.
Dowan says, "Stay away from my face!"
You hit Duvessa. You burn Duvessa.
Duvessa is severely wounded.
Duvessa closely misses you. x2
You hit Duvessa but do no damage.
Duvessa is severely wounded.
Duvessa hits you with a +0 short sword.
* * * LOW HITPOINT WARNING * * *
Duvessa barely misses you.
Okay, then.
Level annotation: Dowan, Duvessa Welcome back, Janerl the Gnoll Cinder Acolyte.
The flames of Ignis gently warm you.
Press ? for a list of commands and other information.
It was a potion of brilliance.
You feel clever all of a sudden. Duvessa misses you.
It was a potion of berserk rage.
A red film seems to cover your vision as you go berserk!
You feel yourself moving faster!
You feel mighty! Duvessa hits you with a +0 short sword.
* * * LOW HITPOINT WARNING * * *
Duvessa hits you but does no damage.
You sock Duvessa! You burn Duvessa.
You kill Duvessa!
Dowan seems overcome with grief.
Dowan seems to find hidden reserves of power!
Dowan casts a spell at you. The shard of ice hits you!!
You die...

#..## #...# #.... #.#.#
##....#####.#.#
.........##.#.#
.<[..##.##.#†#
#..##.##.#.##
#...........##
#...#.#..##..#
###...#.#..###@#
#.....#.#...##)##
#.#.#[......##e.#
#........<..###'#
#...##......##........#
###......#..####.........
....[..#.#..# #.........
.........#..# #.........
.....#......# #.........


You could see Dowan (fast).

Vanquished Creatures
  Duvessa (D:4)
  An iguana (D:3)
  3 gnolls (D:3)
  8 adders
  A worm (D:2)
  3 dart slugs
  6 orcs (D:3)
  14 ball pythons
  5 endoplasms
  2 giant cockroaches
  10 goblins
  8 hobgoblins
  2 jackals (D:3)
  7 kobolds
  2 quokkas
  7 bats
  2 frilled lizards
  6 rats
88 creatures vanquished.

Notes
Turn   | Place    | Note
-------+----------+-------------------------------------------
     0 | D:1      | Janerl the Gnoll Cinder Acolyte began the quest for the
                  | Orb.
     0 | D:1      | Reached XP level 1. HP: 23/23 MP: 4/4
   189 | D:1      | Reached XP level 2. HP: 29/29 MP: 5/5
   565 | D:1      | Reached XP level 3. HP: 32/35 MP: 7/7
  1106 | D:2      | Reached skill level 1 in Invocations
  1296 | D:2      | Reached skill level 1 in Short Blades
  1296 | D:2      | Reached skill level 1 in Long Blades
  1296 | D:2      | Reached skill level 1 in Axes
  1296 | D:2      | Reached skill level 1 in Polearms
  1296 | D:2      | Reached skill level 1 in Staves
  1296 | D:2      | Reached skill level 1 in Ranged Weapons
  1296 | D:2      | Reached skill level 1 in Throwing
  1296 | D:2      | Reached skill level 1 in Armour
  1296 | D:2      | Reached skill level 1 in Dodging
  1296 | D:2      | Reached skill level 1 in Stealth
  1296 | D:2      | Reached skill level 1 in Shields
  1296 | D:2      | Reached skill level 1 in Unarmed Combat
  1296 | D:2      | Reached skill level 1 in Evocations
  1374 | D:2      | Reached XP level 4. HP: 30/41 MP: 8/8
  1732 | D:2      | Reached skill level 1 in Conjurations
  1732 | D:2      | Reached skill level 1 in Hexes
  1732 | D:2      | Reached skill level 1 in Summonings
  1732 | D:2      | Reached skill level 1 in Necromancy
  1732 | D:2      | Reached skill level 1 in Translocations
  1732 | D:2      | Reached skill level 1 in Transmutations
  1732 | D:2      | Reached skill level 1 in Ice Magic
  1732 | D:2      | Reached skill level 1 in Air Magic
  1732 | D:2      | Reached skill level 1 in Earth Magic
  1732 | D:2      | Reached skill level 1 in Poison Magic
  1818 | D:2      | Found a runed translucent door.
  1819 | D:2      | Noticed Crazy Yiuf
  2112 | D:3      | Found a faded altar of an unknown god.
  2147 | D:3      | Reached XP level 5. HP: 31/47 MP: 9/9
  2947 | D:3      | Reached XP level 6. HP: 47/53 MP: 11/11
  3096 | D:4      | Noticed Dowan
  3097 | D:4      | Noticed Duvessa
  3119 | D:4      | Upgraded the game from 0.30.1-10-g1249ef9ec4 to
                  | 0.30.1-11-g7821555f0a
  3121 | D:4      | Killed Duvessa
  3121 | D:4      | Killed from afar by Dowan

Illustrated notes

Levels and vault maps discovered:
D:1:      sevenhm_arrival_forest_fort_large_4, layout_basic, minmay_pentomino_r4
D:2:      layout_basic, uniq_crazy_yiuf_cottage
D:3:      layout_basic, nicolae_ecumenical_snake_handling, minivault_26,
          minmay_pentangle
D:4:      layout_basic, vehumet_statue, minmay_temple_entry_tees, uniq_duvessa

Skill      XL: |  1  2  3  4  5 |
---------------+----------------+-----
Invocations    | 1 2 |  2.0
Short Blades   | 1 |  1.8
Long Blades    | 1 |  1.8
Axes           | 1 |  1.8
Polearms       | 1 |  1.8
Staves         | 1 |  1.8
Ranged Weapons | 1 |  1.8
Throwing       | 1 |  1.8
Armour         | 1 |  1.8
Dodging        | 1 |  1.8
Stealth        | 1 |  1.8
Shields        | 1 |  1.8
Unarmed Combat | 1 |  1.8
Evocations     | 1 |  1.8
Spellcasting   | 3 |  3.3
Conjurations   | 1 |  1.4
Hexes          | 1 |  1.4
Summonings     | 1 |  1.4
Necromancy     | 1 |  1.4
Translocations | 1 |  1.4
Transmutations | 1 |  1.4
Ice Magic      | 1 |  1.4
Air Magic      | 1 |  1.4
Earth Magic    | 1 |  1.4
Poison Magic   | 1 |  1.4
Fighting       | |  6.8
Maces & Flails | |  6.8
Fire Magic     | |  5.6

Action                     |  1- 3 |  4- 6 || total
---------------------------+-------+-------++-------
  Melee: Mace              |   105 |   180 ||   285
         Bite              |     6 |    12 ||    18
         Punch             |       |     7 ||     7
    Use: Potion            |       |     3 ||     3
   Stab: Sleeping          |     1 |     1 ||     2
 Armour: Robe              |    39 |    77 ||   116
         Skin              |       |     9 ||     9
  Dodge: Dodged            |    89 |   157 ||   246
